 Dungeon Crawl Stone Soup version 0.32-a0-876-gcfddb08e57 (webtiles) character file.

Game seed: 6744899976080686348

12894 pokeman the Eclecticist (level 11, -12/61 HPs)
             Began as a Deep Elf Hedge Wizard on Apr 1, 2024.
             Was a Believer of Vehumet.
             Killed from afar by a lindwurm (29 damage)
             ... with a blast of flame
             ... on level 11 of the Dungeon.
             The game lasted 00:38:04 (15679 turns).

pokeman the Eclecticist (Deep Elf Hedge Wizard)    Turns: 15679, Time: 00:38:04

Health: -12/61     AC:  6    Str:  7    XL:     11   Next: 68%
Magic:  9/32       EV: 17    Int: 24    God:    Vehumet [**....]
Gold:   643        SH:  5    Dex: 14    Spells: 28/41 levels left

rFire   . . .        q - +0 dagger (elec)
rCold   . . .        (no shield)
rNeg    . . .        P - +0 steam dragon scales
rPois   .            c - +0 hat
rElec   .            (no cloak)
rCorr   +            C - +0 pair of gloves
SInv    .            (no boots)
Will    +....        L - amulet of reflection
Stlth   +++          V - +5 ring of evasion
HPRegen 0.30/turn    y - ring of resist corrosion
MPRegen 0.23/turn

%: reflection
@: no status effects
A: no striking features
a: Renounce Religion


You were on level 11 of the Dungeon.
You worshipped Vehumet.
Vehumet was pleased with you.
You visited 2 branches of the dungeon, and saw 12 of its levels.
You also visited: Sewer and Bailey.

You collected 747 gold pieces.
You spent 104 gold pieces at shops.

Inventory:

Hand Weapons
 q - a +0 dagger of electrocution (weapon)
Missiles
 b - a throwing net
 Q - 3 curare-tipped darts
Armour
 c - a +0 hat (worn)
 C - a +0 pair of gloves (worn)
 N - a +0 buckler
 P - +0 steam dragon scales (worn)
 R - a +1 ring mail of fire resistance
Magical Staves
 n - a staff of alchemy
Jewellery
 g - a ring of protection from cold
 o - a ring of fire
 y - a ring of resist corrosion (right hand)
 H - a ring of fire
 L - an amulet of reflection (around neck)
 M - a ring of positive energy
 U - a ring of positive energy
 V - a +5 ring of evasion (left hand)
Wands
 B - a wand of digging (8)
 D - a wand of warping (10)
 F - a wand of polymorph (2)
 I - a wand of paralysis (12)
 J - a wand of flame (14)
 T - a wand of mindburst (9)
Scrolls
 a - 5 scrolls of vulnerability
 i - a scroll of enchant weapon
 k - 4 scrolls of fear
 l - 3 scrolls of enchant armour
 r - a scroll of summoning
 s - 2 scrolls of fog
 u - a scroll of revelation
 v - 2 scrolls of silence
 x - 4 scrolls of teleportation
 G - 4 scrolls of poison
 K - a scroll of blinking
 O - 2 scrolls of acquirement
Potions
 d - a potion of magic
 e - a potion of mutation
 f - 2 potions of enlightenment
 h - 3 potions of might
 j - 4 potions of lignification
 m - 10 potions of curing
 p - 2 potions of resistance {unknown}
 w - a potion of berserk rage {unknown}
 z - 5 potions of heal wounds
 A - a potion of ambrosia {unknown}
 E - 2 potions of cancellation {unknown}
 S - a potion of invisibility {unknown}


   Skills:
 - Level 4.0 Fighting
 - Level 3.0 Armour
 - Level 4.1 Dodging
 - Level 4.0 Stealth
 + Level 3.8 Shields
 * Level 15.8 Spellcasting
 + Level 9.3 Conjurations
 - Level 1.2 Hexes
 - Level 1.1 Summonings
 - Level 1.1 Translocations
 + Level 5.6 Ice Magic
 - Level 1.0 Air Magic
 - Level 6.0 Earth Magic
 - Level 1.0 Alchemy
 - Level 1.1 Evocations


You had 28 spell levels left.
You knew the following spells:

 Your Spells              Type           Power      Damage    Failure   Level
a - Magic Dart            Conj           100%       1d8       1%          1
b - Mephitic Cloud        Conj/Alch/Air  37%        N/A       1%          3
c - Call Imp              Summ           48%        N/A       2%          2
d - Blink                 Tloc           48%        N/A       2%          2
e - Stone Arrow           Conj/Erth      100%       3d13      1%          3
f - Ensorcelled Hibernat  Hex/Ice        70%        N/A       1%          2

Your spell library contained the following spells:

 Spells                   Type           Power      Damage    Failure   Level
 Frozen Ramparts          Ice            90%        1d14      1%          3
 Sandblast                Erth           96%        2d20      1%          1
 Slow                     Hex            96%        N/A       1%          1
 Brom's Barrelling Bould  Conj/Erth      54%        2d7       1%          4
 Cigotuvi's Dreadful Rot  Necr/Alch/Air  44%        N/A       3%          2
 Confusing Touch          Hex            24%        N/A       5%          3
 Animate Armour           Summ/Erth      72%        N/A       7%          4
 Fugue of the Fallen      Necr           19%        N/A       9%          3
 Vampiric Draining        Necr           19%        2d7       9%          3
 Anguish                  Hex/Necr       10%        N/A       22%         4
 Martyr's Knell           Necr/Summ      21%        N/A       22%         4
 Dispel Undead            Necr           19%        3d11      28%         4
 Lehudib's Crystal Spear  Conj/Erth      27%        10d7      100%        8


Dungeon Overview and Level Annotations

Branches:
Dungeon (11/15)            Temple (1/1) D:4            Lair (0/5) D:10
  Sewer (visited)          Bailey (visited)
    Orc: D:9-12

Altars:
Ashenzari
Cheibriados
Dithmenos
Elyvilon
Fedhas
Gozag
Hepliaklqana
Kikubaaqudgha
Makhleb
Nemelex Xobeh
Okawaru
Qazlal
Ru
Sif Muna
Trog
Uskayaw
Vehumet
Wu Jian
Xom
Yredelemnul
Zin
The Shining One

Shops:
D:10 ([!*[

Annotations:
D:8 1 runed translucent door, EvilEddieB's ghost, novice DsGl
D:11 Gastronok


Message History

The boulder beetle is engulfed in noxious fumes.
The boulder beetle appears confused.
You hit the boulder beetle but do no damage.
The boulder beetle is moderately wounded.
Erolcha is engulfed in noxious fumes.
Erolcha bites the boulder beetle.
You block the boulder beetle's attack.
Unknown command.
You hit the boulder beetle.
Lightning courses through the boulder beetle!
The boulder beetle is heavily wounded.
Erolcha is engulfed in noxious fumes.
Erolcha appears confused.
Erolcha bites the boulder beetle but does no damage.
Erolcha is engulfed in noxious fumes.
Erolcha appears confused.
Casting: Stone Arrow (safe; 1% risk of failure)
Confirm with . or Enter, or press ? or * to list all spells.
Aiming: Stone Arrow (safe; 1% risk of failure)
Press: ? - help, Shift-Dir - straight line, f/p - Erolcha
Aim: Erolcha the rime drake (severely wounded, confused, 89% to hit)
The stone arrow hits Erolcha!
Erolcha is almost dead.
The boulder beetle falls into the lava!
The boulder beetle is incinerated.
Vehumet accepts your kill.
You feel your power returning.
Casting: Stone Arrow (safe; 1% risk of failure)
Confirm with . or Enter, or press ? or * to list all spells.
Aiming: Stone Arrow (safe; 1% risk of failure)
Press: ? - help, Shift-Dir - straight line, f/p - Erolcha
Aim: Erolcha the rime drake (lava, almost dead, confused, 89% to hit)
The stone arrow hits Erolcha!!
You kill Erolcha!
Vehumet accepts your kill.
Unknown command.
There are monsters nearby!
There are monsters nearby!
There are monsters nearby!
There are monsters nearby!
The lindwurm breathes flames at you. The blast of flame hits you!!
You die...

§§≈≈≈..#.k!.#..≈≈≈§≈..#
≈≈≈≈§≈..####.§§§≈≈≈§.##
≈≈≈≈≈≈...##.kk≈≈≈§≈≈.#
.≈≈§§≈≈≈..kk§§≈§≈§§§.#
.≈≈≈≈≈≈≈§§≈≈≈§≈≈≈≈≈..#
..§≈§≈≈≈≈≈≈§§≈§§≈≈..##
...§≈≈≈≈≈≈≈§○≈≈§≈...#
..§.≈≈§≈≈≈§§≈°≈§...##
.#§§..≈≈§§§§≈≈..@.##
.##......≈≈...☼.###
.##.##.#.§§.#####
###...>....## #
###.###### #..# #..##
#.## #.#


You could see 2 lindwurms.

Vanquished Creatures
  An orc warlord (Bailey)
  A boulder beetle (D:11)
  A tengu warrior (D:8)
  Sonja (D:10)
  An ugly thing (D:6)
  Maggie (D:8)
  A rime drake (D:11)
  2 unseen horrors
  A komodo dragon (D:10)
  Psyche (D:10)
  2 trolls
  A tengu conjurer (D:8)
  Sigmund (D:2)
  A shadow (D:11)
  A wraith (D:11)
  10 yaks
  2 vampire mosquitoes (D:11)
  The ghost of Blomdor the Insei, an amateur CoHW (D:4)
  Edmund (D:4)
  2 acid dragons
  2 ice beasts (D:7)
  14 orc warriors
  A black bear (D:5)
  3 sky beasts
  The ghost of NotBatman the Trooper, an amateur MDFi of Trog (D:3)
  A centaur (D:11)
  An ogre (D:7)
  A phantom (D:5)
  A kobold brigand (D:9)
  3 bullfrogs
  2 gnoll sergeants (D:9)
  3 scorpions
  4 wights (D:8)
  A burial acolyte (D:5)
  3 killer bees (D:8)
  6 electric eels (D:9)
  6 howler monkeys
  5 hounds
  11 orc priests
  2 bombardier beetles
  2 jellies
  2 gnoll boudas
  6 iguanas
  4 orc wizards
  A human simulacrum (D:7)
  30 gnolls
  13 adders
  4 river rats (Sewer)
  2 ufetubi (D:7)
  2 adder zombies (D:5)
  2 dart slugs
  3 ribbon worms
  48 orcs
  11 bats
  10 endoplasms
  11 giant cockroaches
  13 goblins
  19 hobgoblins
  8 jackals
  8 quokkas
  7 ball pythons
  9 frilled lizards
  2 jackal zombies (D:5)
  14 kobolds
  9 rats
344 creatures vanquished.

Vanquished Creatures (collateral kills)
  A killer bee (D:8)
  2 orcs (Bailey)
  A hobgoblin (Bailey)
4 creatures vanquished.

Vanquished Creatures (others)
  An ogre (D:4)
  2 hounds
  A human simulacrum (D:7)
  A dart slug (D:4)
  An orc (D:7)
  A goblin (D:4)
  A kobold (D:4)
8 creatures vanquished.

Grand Total: 356 creatures vanquished

Notes
Turn   | Place    | Note
-------+----------+-------------------------------------------
     0 | D:1      | pokeman the Deep Elf Hedge Wizard began the quest for the
                  | Orb.
     0 | D:1      | Reached XP level 1. HP: 10/10 MP: 7/7
   330 | D:1      | Reached XP level 2. HP: 13/15 MP: 0/9
  1015 | D:1      | Reached skill level 5 in Spellcasting
  1277 | D:2      | Reached XP level 3. HP: 20/20 MP: 3/11
  1294 | D:1      | Learned a level 3 spell: Mephitic Cloud
  1297 | D:1      | Learned a level 2 spell: Call Imp
  1300 | D:1      | Learned a level 2 spell: Blink
  1754 | D:2      | Reached skill level 1 in Fighting
  1754 | D:2      | Reached skill level 1 in Armour
  2078 | D:2      | Noticed Sigmund
  2099 | D:2      | Killed Sigmund
  2100 | D:2      | Reached skill level 6 in Spellcasting
  2100 | D:2      | Reached XP level 4. HP: 23/25 MP: 7/14
  2100 | D:2      | Reached XP level 5. HP: 27/29 MP: 8/16
  2194 | D:3      | Found a glowing drain.
  2335 | Sewer    | Entered a sewer
  2555 | Sewer    | Reached XP level 6. HP: 34/34 MP: 5/17
  3430 | D:3      | Reached skill level 7 in Spellcasting
  3699 | D:3      | Learned a level 3 spell: Stone Arrow
  3722 | D:3      | Found a runed translucent door.
  3728 | D:3      | Noticed NotBatman's ghost (amateur MDFi)
  4623 | D:3      | Killed NotBatman's ghost
  4624 | D:3      | Reached skill level 1 in Evocations
  4624 | D:3      | Reached XP level 7. HP: 21/38 MP: 0/20
  4849 | D:4      | Found a staircase to the Ecumenical Temple.
  4858 | Temple   | Entered the Ecumenical Temple
  5254 | D:4      | Reached skill level 8 in Spellcasting
  5254 | D:4      | Reached skill level 1 in Air Magic
  5254 | D:4      | Reached skill level 1 in Earth Magic
  5254 | D:4      | Reached skill level 1 in Alchemy
  5799 | D:4      | Found a runed translucent gate.
  5799 | D:4      | Found a runed translucent gate.
  5799 | D:4      | Found a runed translucent gate.
  5800 | D:4      | Noticed Blomdor's ghost (amateur CoHW)
  5861 | D:4      | Noticed Edmund
  5870 | D:4      | Killed Edmund
  6021 | D:4      | Killed Blomdor's ghost
  6022 | D:4      | Reached XP level 8. HP: 44/44 MP: 6/22
  6023 | D:4      | Reached skill level 9 in Spellcasting
  6461 | D:4      | Found a shimmering altar of Xom.
  6552 | D:5      | Entered Level 5 of the Dungeon
  6874 | D:5      | Found an opulent altar of Gozag.
  6999 | D:5      | Reached skill level 5 in Conjurations
  7157 | D:5      | Found an ancient bone altar of Kikubaaqudgha.
  7485 | D:5      | Found a shadowy altar of Dithmenos.
  7735 | D:6      | Reached skill level 10 in Spellcasting
  7781 | D:6      | Noticed a red ugly thing
  8416 | D:6      | Killed a cyan ugly thing
  8417 | D:6      | Reached XP level 9. HP: 48/48 MP: 10/25
  8796 | D:7      | Reached skill level 11 in Spellcasting
  9448 | D:7      | Found a bloodstained altar of Trog.
  9746 | D:7      | Found a glowing golden altar of the Shining One.
 10155 | D:8      | Reached skill level 5 in Earth Magic
 10306 | D:8      | Noticed EvilEddieB's ghost (novice DsGl)
 10317 | D:8      | Found a runed translucent door.
 10322 | D:8      | Reached skill level 12 in Spellcasting
 10463 | D:8      | Found a blossoming altar of Fedhas.
 10483 | D:8      | Noticed a tengu conjurer
 10486 | D:8      | Noticed a tengu warrior
 10489 | D:8      | Killed a tengu conjurer
 10495 | D:8      | Killed a tengu warrior
 10496 | D:8      | Reached XP level 10. HP: 56/56 MP: 2/28
 10644 | D:8      | Learned a level 2 spell: Ensorcelled Hibernation
 10775 | D:8      | Found a hide-covered altar of Uskayaw.
 10775 | D:8      | Noticed a +0 spear
 10775 | D:8      | Noticed a +0 short sword
 10775 | D:8      | Noticed a +0 falchion
 10776 | D:8      | Noticed a +0 dagger
 10776 | D:8      | Noticed a +0 dagger
 10777 | D:8      | Noticed a +0 spear
 10778 | D:8      | Noticed a +0 short sword
 10779 | D:8      | Noticed a +0 falchion
 10909 | D:8      | Noticed Maggie
 10926 | D:8      | Killed Maggie
 10927 | D:8      | Reached skill level 13 in Spellcasting
 10927 | D:8      | Reached skill level 1 in Hexes
 10928 | D:8      | Reached skill level 1 in Ice Magic
 11252 | D:8      | Found a stormy altar of Qazlal.
 11651 | D:9      | You fall into a shaft and drop 2 floors!
 11776 | D:11     | Noticed Gastronok
 11947 | D:11     | Noticed a lindwurm
 11956 | D:11     | Noticed a boulder beetle
 11962 | D:11     | Noticed a lindwurm
 11963 | D:11     | Noticed Erolcha
 11969 | D:11     | Noticed a cyclops
 12011 | D:11     | Reached skill level 1 in Shields
 12053 | D:10     | Entered Level 10 of the Dungeon
 12053 | D:10     | Noticed Sonja
 12053 | D:10     | Found an ornate altar of the Wu Jian Council.
 12053 | D:10     | Found a sacrificial altar of Ru.
 12053 | D:10     | Found a radiant altar of Vehumet.
 12053 | D:10     | Found a sparkling altar of Nemelex Xobeh.
 12061 | D:10     | Became a worshipper of Vehumet
 12079 | D:10     | Found a transporter.
 12105 | D:10     | Found a transporter.
 12130 | D:10     | Reached skill level 14 in Spellcasting
 12165 | D:10     | Found Oske's Assorted Antiques.
 12165 | D:10     | Found a transporter.
 12169 | D:10     | Found a transporter.
 12181 | D:10     | Found a staircase to the Lair.
 12228 | D:10     | Found a flagged portal.
 12268 | Bailey   | Entered a bailey
 12563 | Bailey   | Reached * piety under Vehumet
 12563 | Bailey   | Offered knowledge of Freeze by Vehumet.
 12665 | Bailey   | Reached XP level 11. HP: 51/61 MP: 25/31
 12939 | Bailey   | Noticed an orc warlord
 13218 | Bailey   | Killed an orc warlord
 13218 | Bailey   | Offered knowledge of Shock by Vehumet.
 13278 | D:10     | Killed Sonja
 13279 | D:10     | Reached skill level 15 in Spellcasting
 13497 | D:9      | Reached ** piety under Vehumet
 14237 | D:9      | Reached skill level 5 in Ice Magic
 14349 | D:9      | Offered knowledge of Frozen Ramparts by Vehumet.
 15018 | D:10     | Found Wotoung's Antique Weapon Boutique.
 15092 | D:10     | Found Niproc's Antique Armour Shoppe.
 15093 | D:10     | Found Loaf's Distillery.
 15137 | D:10     | Bought a potion of curing for 39 gold pieces
 15137 | D:10     | Bought a potion of heal wounds for 65 gold pieces
 15196 | D:10     | Found Ythial's Armour Shop.
 15236 | D:10     | Noticed Psyche
 15258 | D:10     | Killed Psyche
 15280 | D:10     | Found a transporter.
 15284 | D:10     | Found a transporter.
 15399 | D:10     | Found a hazy altar of Hepliaklqana.
 15490 | D:10     | Found a burning altar of Makhleb.
 15490 | D:10     | Noticed a blizzard demon
 15558 | D:11     | Noticed a two-headed ogre
 15635 | D:11     | Erolcha changed into Erolcha the rime drake
 15635 | D:11     | Noticed Erolcha
 15665 | D:11     | Noticed a lindwurm
 15668 | D:11     | Noticed a lindwurm
 15677 | D:11     | Killed a boulder beetle
 15678 | D:11     | Killed Erolcha the rime drake
 15679 | D:11     | Killed from afar by a lindwurm

Illustrated notes

Levels and vault maps discovered:
D:1:      dpeg_arrival_shelter, layout_loops_cross,
          chequers_serial_rivers_small_3, chequers_serial_rivers_room_b,
          st_stairs_8, dk_noncrumbling_3, minmay_tiny_reverse_x
D:2:      layout_basic, minmay_ruptured, uniq_sigmund
D:3:      minmay_spotlight, layout_loops_ring, portal_sewer_entry_f,
          hellmonk_ghost_happy_afterlife
D:4:      layout_gridville, xom_confusion_cloud, temple_fountains,
          ebering_ghost_rock_garden, uniq_edmund
D:5:      layout_loops_cross, lemuel_zombie_altar_kikubaaqudgha,
          mainiacjoe_overflow_tiny_flanked, mainiacjoe_overflow_surrounded_room
D:6:      layout_cave_pools, minmay_microvault
D:7:      layout_loops_ring, tso_oasis_becter, lemuel_tele_altar,
          bh_circular_ruins
D:8:      layout_rooms, nicolae_qazlal_eye_of_the_storm, general_overflow_altar,
          nicolae_uskayaw_en_pointe, hellmonk_ghost_big_iron, grunt_tough_drop,
          uniq_maggie
D:9:      layout_irregular_city, serial_bayou, serial_bayou_lake_a,
          serial_bayou_pond_c, serial_bayou_shore_a, serial_bayou_lagoon_a
D:10:     layout_roguey, makhleb_altar_promises_db,
          nicolae_overflow_hidden_temple, mainiacjoe_overflow_alcove_2,
          dpeg_oklobed_lair, enter_bailey_7, serial_shops, shop, shop,
          nicolae_shop_tiny_glass, shop, shop, serial_nicolae_subway,
          nicolae_sub_station_crystal, nicolae_sub_station_metal,
          nicolae_sub_station_stone, uniq_sonja, uniq_psyche
D:11:     layout_layer_cave, serial_shops, kennysheep_little_box,
          minmay_lindwurm_lava, uniq_harold, uniq_erolcha, uniq_gastronok
Temple:   nicolae_temple_superstar

Skill      XL: |  1  2  3  4  5  6  7  8  9 10 11 |
---------------+----------------------------------+-----
Spellcasting   | 5 6 7 8 10 12 14 15 | 15.8
Fighting       | 1 2 3 4 |  4.0
Armour         | 1 2 3 |  3.0
Conjurations   | 2 3 4 5 7 8 9 |  9.3
Dodging        | 3 4 |  4.1
Stealth        | 3 4 |  4.0
Evocations     | 1 |  1.1
Air Magic      | 1 |  1.0
Earth Magic    | 2 4 5 6 |  6.0
Alchemy        | 1 |  1.0
Hexes          | 1 |  1.2
Ice Magic      | 3 5 |  5.6
Shields        | 2 3 |  3.8
Summonings     | |  1.1
Translocations | |  1.1

Action                     |  1- 3 |  4- 6 |  7- 9 | 10-12 || total
---------------------------+-------+-------+-------+-------++-------
  Melee: Dagger            |    13 |       |    21 |    88 ||   122
         War axe           |       |    34 |    14 |       ||    48
         Unarmed           |       |       |       |    15 ||    15
   Cast: Magic Dart        |   121 |   161 |    79 |    81 ||   442
         Mephitic Cloud    |     1 |     6 |    20 |    27 ||    54
         Call Imp          |     1 |     3 |     1 |     9 ||    14
         Stone Arrow       |       |     6 |   149 |   142 ||   297
         Blink             |       |     2 |     3 |       ||     5
  Evoke: Wand              |       |       |       |     8 ||     8
    Use: Scroll            |       |       |       |    17 ||    17
   Stab: Confused          |       |     6 |     4 |     6 ||    16
         Paralysed         |       |       |       |    12 ||    12
         Distracted        |       |       |       |     1 ||     1
 Armour: Robe              |    12 |    27 |    55 |     3 ||    97
         Steam dragon scal |       |       |       |    57 ||    57
         Skin              |       |       |       |     4 ||     4
  Dodge: Dodged            |    25 |    32 |    65 |    77 ||   199
  Block: Other             |       |       |     3 |    22 ||    25
         Reflection        |       |       |       |     2 ||     2

Table legend: (Time is in decaauts)
 A = Elapsed time spent in this place.
 B = Non-inter-level travel time spent in this place.
 C = Inter-level travel time spent in this place.
 D = Time resting spent in this place.
 E = Time spent auto-exploring this place.
 F = Levels seen in this place.
 G = Mean time per level.
                   A        B        C        D        E       F      G
               +--------+--------+--------+--------+--------+-----+--------+
         Total |  15925 |  15523 |    402 |   2143 |  10698 |  14 | 1137.5 |
       Dungeon |  13360 |  12958 |    402 |   1448 |   9437 |  11 | 1214.5 |
        Temple |    350 |    350 |      0 |    314 |      0 |   1 |  350.0 |
         Sewer |   1207 |   1207 |      0 |      0 |   1036 |   1 | 1207.0 |
        Bailey |   1006 |   1006 |      0 |    381 |    225 |   1 | 1006.0 |
               +--------+--------+--------+--------+--------+-----+--------+

Top non-repeatable levels by time:
     D:9: 1753 daAuts
     D:3: 1595 daAuts
     D:8: 1441 daAuts
     D:4: 1430 daAuts
     D:5: 1370 daAuts
     D:1: 1314 daAuts
     D:7: 1283 daAuts
   Sewer: 1207 daAuts
  Bailey: 1006 daAuts
     D:6: 947 daAuts
    D:10: 901 daAuts
     D:2: 859 daAuts
    D:11: 462 daAuts
  Temple: 350 daAuts
